federico, neutral male human Healer ------ -------------- ------ |.....#####|............| #.....| |....| #|.............### ###|....| ------ |.^..-# #|............| # ###+....| |....| |....|# #|............+#####!####0 #### ----.- |....| |....|# #-------------- # ### # #..q..| ------# ########## ### #### # #|@...| # # # # ### # #------ # ### ### #### # ## # # # #######0# # # # ### ###-----# # # # # #....| # # ## #### #|...| # # #-----|---------- ##..>.| ----|--------# #|..............| ##|...| |...........|# #|...............##############----- |...........|# #..........)....| # |...........|# |.............<| ## |...........-# ---------------- ------------- federico the Rhizotomist Experience level: 1 Strength: 10 Dexterity: 12 Constitution: 13 Intelligence: 9 Wisdom: 17 Charisma: 16 Health: 0(13) Energy: 6(6) AC: 8 Gold: 2242 Moves: 1021 Your Inventory: Coins $ - 2242 gold pieces Weapons a - an uncursed +0 scalpel (weapon in hand) q - 6 [uncursed +0] darts Armor b - an uncursed +1 pair of leather gloves (being worn) Comestibles k - 6 uncursed apples l - 3 [uncursed] food rations Scrolls m - an [uncursed] scroll labeled GNIK SISI VLE [of enchant weapon] Spellbooks h - a blessed spellbook of healing i - a blessed spellbook of extra healing j - a blessed spellbook of stone to flesh n - a [blessed] white spellbook [of cure sickness] o - an [uncursed] cloth spellbook [of light] r - an [uncursed] tattered spellbook [of cure blindness] Potions d - 3 uncursed potions of healing e - a blessed potion of healing f - 4 uncursed potions of extra healing t - an [uncursed] cloudy potion [of booze] Rings p - an [uncursed] bronze ring [of polymorph control] Wands g - an uncursed wand of sleep (0:5) Tools c - an uncursed stethoscope v - an [uncursed] blindfold Spells known in the end: Name Level Category Fail Memory a - healing 1 healing 0% [||||||||] b - extra healing 3 healing 47% [||||||||] c - stone to flesh 3 healing 58% [||||||||] Your skills at the end: Fighting Skills Weapon Skills knife [Basic / Expert] Spellcasting Skills healing spells [Basic / Expert] Final Attributes: You were fervently aligned. Hunger level was 257. Your alignment was 10 / 15. Monster difficulty range was 0 - 2. Level difficulty was 4. You were immune to poison. You were stunned. Your luck was zero. You are dead. Vanquished creatures: a kobold lord 3 gnome zombies 2 jackals 2 sewer rats a grid bug a lichen 3 kobold zombies 2 newts 15 creatures vanquished. Voluntary challenges: You were a pacifist. You were an atheist. You followed a strict vegan diet. You were illiterate. You never hit with a wielded weapon. You put on armor 1 time. You never genocided any monsters. You never polymorphed an object. You never changed form. You used no wishes. You never wrote Elbereth's name. You never encountered a bones level. You never used any Sokoban shortcuts. Dungeon overview: The Dungeons of Doom: levels 1 to 5 Level 1 a long staircase Level 4 <- You were here History has recorded: On T:1 you entered the Dungeons of Doom to retrieve the Amulet of Yendor! On T:253 you reached level 2 of The Dungeons of Doom. On T:394 you reached level 3 of The Dungeons of Doom. On T:760 you reached level 4 of The Dungeons of Doom. On T:895 you reached level 5 of The Dungeons of Doom. Latest messages: You see here a potion of oil. With great effort you move the boulder. You see here a potion of oil. You try to move the boulder, but in vain. (7x) You don't have enough energy to cast that spell. You see here a potion of oil. You stop. Your little dog is in the way! You displaced your little dog. With great effort you move the boulder. $ - 77 gold pieces. The door opens. You find a secret door. This door is locked. (3x) WHAMMM!!! You kick the door. KABOOM!! The door was booby-trapped! You stagger... [HP-7=6] The rothe hits! The rothe bites! (2x) You die... Final status: Goodbye federico the Healer... You died in The Dungeons of Doom on dungeon level 4 with 496 points, and 2242 pieces of gold, after 1021 moves. You were level 1 with a maximum of 13 hit points when you died.